 Dungeon Crawl Stone Soup version 0.28-a0-384-g9e0c098162 (webtiles) character file.

Game seed: 4293345086732805297

1234 zezblit the Frost Mage (level 8, 0/54 HPs)
             Began as a Merfolk Ice Elementalist on Sept 2, 2021.
             Killed by nerve-wracking pain
             ... invoked by Menkaure
              (14 damage)
             ... on level 7 of the Dungeon.
             The game lasted 00:53:59 (6607 turns).

zezblit the Frost Mage (Merfolk Ice Elementalist)   Turns: 6607, Time: 00:54:00

Health: 0/54       AC:  9    Str:  8    XL:     8   Next: 48%
Magic:  16/16      EV: 12    Int: 16    God:
Gold:   350        SH:  0    Dex: 15    Spells: 9/18 levels left

rFire   + . .      SeeInvis .   u - +0 hand axe (venom)
rCold   . . .      Faith    .   (no shield)
rNeg    . . .      Spirit   .   m - +2 leather armour {rF+}
rPois   +          Reflect  .   (no helmet)
rElec   .          Harm     .   v - +0 cloak
rCorr   .          Rampage  .   e - +2 pair of gloves
Will    +....                   (no boots)
Stlth   ++........              (no amulet)
HPRegen 0.18/turn               d - ring of willpower
MPRegen 0.15/turn               o - ring of poison resistance

@: very slightly contaminated, invisible
A: (nimble swimmer 2), mertail
a: no special abilities


You were on level 7 of the Dungeon.
You visited 2 branches of the dungeon, and saw 9 of its levels.

You collected 350 gold pieces.

Inventory:

Hand Weapons
 b - a +0 war axe
 g - a +1 dagger of flaming
 u - a +0 hand axe of venom (weapon)
Armour
 e - a +2 pair of gloves (worn)
 m - a +2 leather armour of fire resistance (worn)
 v - a +0 cloak (worn)
Jewellery
 d - a ring of willpower (left hand)
 o - a ring of poison resistance (right hand)
Wands
 a - a wand of paralysis (8)
 h - a wand of iceblast (11)
 n - a wand of digging (7)
 r - a wand of flame (11)
Scrolls
 k - a scroll of magic mapping {unknown}
 l - a scroll of enchant armour {unknown}
 p - 3 scrolls of fog
 s - a scroll of blinking {unknown}
Potions
 c - a potion of heal wounds
 f - 2 potions of brilliance
 i - a potion of mutation
 q - 2 potions of attraction
 t - 2 potions of ambrosia {unknown}
 w - a potion of haste {unknown}


   Skills:
 + Level 1.3 Fighting
 - Level 0.1 Short Blades
 - Level 0.1 Axes
 - Level 3.4 Dodging
 - Level 3.0 Stealth
 + Level 5.9 Spellcasting
 * Level 2.4 Conjurations
 + Level 8.3 Ice Magic


You had 9 spell levels left.
You knew the following spells:

 Your Spells              Type           Power      Damage    Failure   Level
a - Freeze                Ice            100%       1d11      1%          1
b - Ozocubu's Armour      Ice            31%        N/A       1%          3
c - Frozen Ramparts       Ice            62%        1d8       1%          3
d - Searing Ray           Conj           24%        3d4       11%         2

Your spell library contained the following spells:

 Spells                   Type           Power      Damage    Failure   Level
 Ensorcelled Hibernation  Hex/Ice        36%        N/A       5%          2
 Magic Dart               Conj           48%        1d5       8%          1
 Foxfire                  Conj/Fire      32%        2x1d5     12%         1
 Corona                   Hex            4%         N/A       21%         1
 Hailstorm                Conj/Ice       21%        3d6       22%         4
 Slow                     Hex            4%         N/A       30%         2
 Conjure Flame            Conj/Fire      8%         6-21      36%         3
 Confusing Touch          Hex            4%         N/A       52%         3
 Inner Flame              Hex/Fire       4%         N/A       52%         3
 Tukima's Dance           Hex            4%         N/A       52%         3
 Vampiric Draining        Necr           2%         2d6       52%         3
 Fulminant Prism          Conj/Hex       4%         3d6       77%         4
 Dispersal                Tloc           2%         N/A       100%        6
 Disjunction              Tloc           2%         N/A       100%        8


Dungeon Overview and Level Annotations

Branches:
Dungeon (8/15)             Temple (1/1) D:6
   Lair: D:8-11

Altars:
Ashenzari
Cheibriados
Elyvilon
Fedhas
Gozag
Hepliaklqana
Kikubaaqudgha
Makhleb
Okawaru
Qazlal
Ru
Vehumet
Wu Jian
Yredelemnul
Zin

Shops:
D:1 (

Annotations:
D:5 3 runed translucent doors, Zgarb's ghost, weakling DsDe
D:7 Menkaure


Innate Abilities, Weirdness & Mutations

((You are quick and stealthy near water. (Stealth+, EV+, Speed+++)))
Your lower body shifts to a powerful aquatic tail in water.


Message History

Found 21 poisoned darts.
There is a stone staircase leading down here.
Casting: Frozen Ramparts (safe; 1% risk of failure)
Confirm with . or Enter, or press ? or * to list all spells.
Aiming: Searing Ray (safe; 11% risk of failure)
Press: ? - help, Shift-Dir - straight line, f - yak
Aim: a yak (85% to hit)
The searing ray hits the yak.
The yak is lightly wounded.
The searing ray hits the hound!
The hound is heavily wounded.
The hound barks! (Press . to maintain the ray.)
The yak gores you!
The searing ray hits the yak!
The yak is moderately wounded.
The searing ray misses the hound.
The yak gores you!
Okay, then.
You fade into invisibility!
The yak gores you.
* * * LOW HITPOINT WARNING * * *
You are very lightly contaminated with residual magic.
An iguana comes into view.
Found 8 gold pieces.
Found a scroll labelled AMAMAHEVOS.
Found a white marble altar of Elyvilon.
The hound barely misses you.
Found an escape hatch in the ceiling.
The hound misses you. The hound bites you.
* * * LOW HITPOINT WARNING * * *
The hound bites you but does no damage. The hound closely misses you.
The hound bites you but does no damage.
There is a stone staircase leading up here.
Menkaure shouts!
The hound barely misses you.
Menkaure points at you and mumbles some strange words.
Pain shoots through your body!
You die...

### <.......# #..
......?.# #.#####
#......## #.#...
###.......# #.#.###
..........####.h@..#
..........##.......#
..........##.≈..§§...#
.............≈§M§≈§.##
.............≈§..§§...
..............≈.§§§...#
..............≈≈§.≈≈..#
..............§§≈..≈..#
............._.§≈..


You could see Menkaure and a hound.

Vanquished Creatures
  An acid dragon (D:6)
  A water moccasin (D:7)
  A black bear (D:3)
  A phantom (D:6)
  A water moccasin zombie (D:4)
  2 scorpions (D:5)
  A bullfrog zombie (D:5)
  A bullfrog skeleton (D:5)
  4 hounds
  A jelly (D:6)
  3 orc priests (D:6)
  An iguana (D:5)
  Jessica (D:2)
  4 orc wizards
  A hound skeleton (D:5)
  9 adders
  A howler monkey skeleton (D:7)
  A white imp (D:5)
  2 ufetubi
  A worm (D:3)
  A dart slug (D:4)
  17 orcs
  6 bats
  6 endoplasms
  3 giant cockroaches
  6 goblins
  14 hobgoblins
  4 jackals
  A quokka (D:5)
  6 ball pythons
  6 frilled lizards
  11 kobolds
  3 rats
122 creatures vanquished.

Vanquished Creatures (others)
  2 plants (Temple)
2 creatures vanquished.

Grand Total: 124 creatures vanquished

Notes
Turn   | Place    | Note
-------+----------+-------------------------------------------
     0 | D:1      | zezblit the Merfolk Ice Elementalist began the quest for
                  | the Orb.
     0 | D:1      | Reached XP level 1. HP: 13/13 MP: 3/3
   281 | D:1      | Found Veithyf's Weapon Shoppe.
   510 | D:1      | Reached XP level 2. HP: 19/19 MP: 3/5
   532 | D:1      | Found a faded altar of an unknown god.
   882 | D:1      | Reached skill level 5 in Ice Magic
   890 | D:2      | Reached XP level 3. HP: 24/24 MP: 1/6
   965 | D:1      | Learned a level 3 spell: Ozocubu's Armour
  1841 | D:2      | Noticed Jessica
  1844 | D:2      | Killed Jessica
  1845 | D:2      | Reached XP level 4. HP: 30/30 MP: 5/8
  2081 | D:2      | Reached XP level 5. HP: 31/35 MP: 5/9
  2432 | D:3      | Learned a level 3 spell: Frozen Ramparts
  2579 | D:3      | Reached skill level 6 in Ice Magic
  2582 | D:3      | Learned a level 2 spell: Searing Ray
  2665 | D:3      | Noticed a black bear
  2676 | D:3      | Killed a black bear
  2677 | D:3      | Reached XP level 6. HP: 30/41 MP: 0/10
  2785 | D:3      | Found a stormy altar of Qazlal.
  3311 | D:5      | Entered Level 5 of the Dungeon
  3443 | D:5      | Reached skill level 1 in Conjurations
  3556 | D:4      | Found a basalt altar of Yredelemnul.
  3653 | D:4      | Reached skill level 7 in Ice Magic
  3894 | D:4      | Reached XP level 7. HP: 36/46 MP: 5/13
  4075 | D:5      | Found a sacrificial altar of Ru.
  4436 | D:5      | Found a runed translucent gate.
  4437 | D:5      | Found a runed translucent gate.
  4438 | D:5      | Found a runed translucent gate.
  4490 | D:5      | Noticed Zgarb's ghost (weakling DsDe)
  4804 | D:5      | Found a burning altar of Makhleb.
  4967 | D:6      | Reached skill level 1 in Fighting
  4967 | D:6      | Reached skill level 5 in Spellcasting
  5165 | D:6      | Reached XP level 8. HP: 36/54 MP: 5/15
  5516 | D:6      | Reached skill level 8 in Ice Magic
  5807 | D:6      | Found a staircase to the Ecumenical Temple.
  5824 | Temple   | Entered the Ecumenical Temple
  6473 | D:7      | Noticed Menkaure
  6562 | D:8      | Noticed a yak
  6563 | D:8      | Noticed a yak
  6565 | D:8      | Noticed a yak
  6596 | D:7      | Found a white marble altar of Elyvilon.
  6607 | D:7      | Killed from afar by Menkaure

Illustrated notes

Levels and vault maps discovered:
D:1:      nzn_arrival_crosshair, layout_basic, serial_shops, shop,
          shapermc_ecumenical_altar_mp_urbaneastern
D:2:      layout_loops_ring, uniq_jessica
D:3:      minmay_razor_zed, layout_basic,
          mainiacjoe_overflow_concentric_impassable
D:4:      layout_gridville, amcnicky_altar_gilded
D:5:      layout_rooms, mainiacjoe_overflow_boulevard,
          mainiacjoe_overflow_six_doors_small, gammafunk_ghost_icy
D:6:      layout_loops_ring, minmay_temple_entry_offerings, hex_tiny
D:7:      layout_basic, mainiacjoe_overflow_catch_the_wave, serial_shops,
          nicolae_shop_window_shopping, uniq_menkaure
D:8:      layout_layer_cave, mainiacjoe_overflow_alcove_4
Temple:   cyrus_temple_forest

Skill      XL: |  1  2  3  4  5  6  7  8 |
---------------+-------------------------+-----
Dodging        | 3 |  3.4
Ice Magic      | 5 6 7 8 |  8.3
Spellcasting   | 3 4 5 |  5.9
Conjurations   | 1 2 |  2.4
Fighting       | 1 |  1.3
Stealth        | 3 |  3.0
Short Blades   | |  0.1
Axes           | |  0.1

Action                   |  1- 3 |  4- 6 |  7- 9 || total
-------------------------+-------+-------+-------++-------
Melee: War axe           |    16 |     5 |       ||    21
       Dagger            |       |    41 |    74 ||   115
       Hand axe          |       |       |     8 ||     8
 Cast: Freeze            |    48 |    67 |    45 ||   160
       Ozocubu's Armour  |     2 |     3 |     6 ||    11
       Frozen Ramparts   |       |     2 |     4 ||     6
       Searing Ray       |       |     1 |    15 ||    16
  Use: Scroll            |       |     7 |     5 ||    12
       Potion            |       |     1 |     5 ||     6
Armor: Robe              |    26 |     2 |       ||    28
       Leather armour    |       |    41 |    76 ||   117
Dodge: Dodged            |    43 |    70 |   100 ||   213

Table legend: (Time is in decaauts)
 A = Elapsed time spent in this place.
 B = Non-inter-level travel time spent in this place.
 C = Inter-level travel time spent in this place.
 D = Time resting spent in this place.
 E = Time spent auto-exploring this place.
 F = Levels seen in this place.
 G = Mean time per level.
                   A        B        C        D        E       F      G
               +--------+--------+--------+--------+--------+-----+--------+
         Total |   6632 |   6410 |    222 |   1644 |   3163 |   9 |  736.9 |
       Dungeon |   6517 |   6324 |    193 |   1644 |   3141 |   8 |  814.6 |
        Temple |    115 |     86 |     29 |      0 |     22 |   1 |  115.0 |
               +--------+--------+--------+--------+--------+-----+--------+

Top non-repeatable levels by time:
     D:1: 1451 daAuts
     D:5: 1264 daAuts
     D:6: 1174 daAuts
     D:3: 865 daAuts
     D:4: 844 daAuts
     D:2: 797 daAuts
  Temple: 115 daAuts
     D:7: 71 daAuts
     D:8: 47 daAuts
